 Dungeon Crawl Stone Soup version 0.17.0-26-gececa24 (webtiles) character file.

570 MDvedh the Twirler (level 7, -6/50 HPs)
             Began as a Demonspawn Gladiator on Nov 19, 2015.
             Was a Believer of Fedhas.
             Mangled by an orc warrior
             ... wielding a +0 dire flail
              (21 damage)
             ... on level 4 of the Dungeon.
             The game lasted 00:06:49 (3708 turns).

MDvedh the Twirler (Demonspawn Gladiator)           Turns: 3708, Time: 00:06:49

Health: -6/50      AC: 13    Str: 19    XL:     7   Next: 11%
Magic:  7/7        EV: 13    Int:  9    God:    Fedhas [**....]
Gold:   227        SH:  0    Dex: 19    Spells: 0 memorised, 6 levels left

rFire  . . .     SeeInvis .     a - +0 quarterstaff
rCold  . . .     Clarity  .     x - +0 chain mail
rNeg   + . .     SustAt   .     (shield currently unavailable)
rPois  .         Gourm    .     r - +2 helmet
rElec  .         Spirit   .     s - +0 cloak
rCorr  .         Warding  +     p - +0 pair of gloves
rMut   .         Stasis   .     (no boots)
MR     .....                    t - amulet of warding
Stlth  +.........               (no ring)
                                y - +2 ring of strength

@: agile, not resistant to hostile enchantments, very unstealthy
A: talons 1, nightstalker 1, powered by pain 2
a: Evolution, Sunlight, Renounce Religion


You were on level 4 of the Dungeon.
You worshipped Fedhas.
Fedhas was pleased with you.
You were not hungry.

You visited 1 branch of the dungeon, and saw 4 of its levels.

You collected 227 gold pieces.

Inventory:

Hand Weapons
 a - a +0 quarterstaff (weapon)
Missiles
 d - 3 throwing nets (quivered)
Armour
 p - a +0 pair of gloves (worn)
 r - a +2 helmet (worn)
 s - a +0 cloak (worn)
 x - a +0 chain mail (worn)
Jewellery
 t - an amulet of warding (around neck)
 y - a +2 ring of strength (left hand)
 E - an uncursed amulet of the gourmand {unknown}
Wands
 F - a wand of fire (0)
Scrolls
 b - a scroll of fear {unknown}
 c - a scroll of noise {unknown}
 g - 2 scrolls of recharging {unknown}
 i - 3 scrolls of fog {unknown}
 j - 2 scrolls of blinking {unknown}
 l - 3 scrolls of remove curse {unknown}
 m - 2 scrolls of identify {unknown}
 n - a scroll of immolation {unknown}
 o - a scroll of random uselessness {unknown}
 u - a scroll of enchant armour {unknown}
Potions
 f - 3 potions of curing
 k - a potion of agility {unknown}
 q - a potion of might {unknown}
 A - a potion of poison {unknown}
 C - a potion of magic {unknown}
 D - a potion of berserk rage {unknown}
Books
 B - a book of Minor Magic

   Spells                             Type                      Level
   a - Magic Dart                     Conjuration                  1
   b - Blink                          Translocation                2
   c - Call Imp                       Summoning                    2
   d - Repel Missiles                 Charms/Air                   2
   e - Slow                           Hexes                        2
   f - Conjure Flame                  Conjuration/Fire             3
   g - Mephitic Cloud                 Conjuration/Poison/Air       3
Comestibles
 e - 7 bread rations
 v - a beef jerky
 z - 2 meat rations


   Skills:
 - Level 2.0 Fighting
 + Level 7.5 Staves
 - Level 1.7 Throwing
 - Level 2.6 Dodging


You had 6 spell levels left.
You didn't know any spells.

Dungeon Overview and Level Annotations

Branches:
Dungeon (4/15)
 Temple: D:4-7

Altars:
Fedhas

Annotations:
D:3 MDvedh's ghost, amateur DsGl


Innate Abilities, Weirdness & Mutations

You have sharp toenails.
You are slightly more attuned to the shadows.
You sometimes gain power by taking damage.


Message History

The orc warrior barely misses you.
You hit the orc warrior but do no damage.
The orc warrior is lightly wounded.
You hit the orc warrior but do no damage.
You claw the orc warrior, but do no damage.
The orc warrior is lightly wounded.
The orc warrior hits you but does no damage.
You are too injured to fight recklessly!
You are too injured to fight recklessly!
You are too injured to fight recklessly!
You are too injured to fight recklessly!
You are too injured to fight recklessly!
You are too injured to fight recklessly!
You are too injured to fight recklessly!
You hit the orc warrior but do no damage.
You claw the orc warrior, but do no damage.
The orc warrior is lightly wounded.
The orc warrior hits you with a dire flail!!
You die...
Fedhas appreciates your contribution to the ecosystem.

#.# #.#
#P# #
#.# #
#.# ####
##(#
###.).
##..#
###...##
#..##
#...####
#@##
##.### #
#o# #..#
# #.#
###>## #
#.#
#<..# #
##.#
##.### #
#..#
#..# #
#.##
#.## #.#
##.#
###.#
##..#


You could see an orc warrior.

Vanquished Creatures
  Eustachio (D:4)
  A centaur (D:4)
  2 orc priests (D:4)
  4 orc wizards (D:4)
  A hound (D:4)
  A giant frog skeleton (D:4)
  5 adders (D:4)
  2 worms
  5 giant geckos
  8 orcs (D:4)
  5 bats
  3 giant cockroaches
  9 goblins
  5 hobgoblins
  3 jackals (D:4)
  2 quokkas
  4 giant newts
  5 kobolds
  9 rats
75 creatures vanquished.

Vanquished Creatures (others)
  29 toadstools
29 creatures vanquished.

Grand Total: 104 creatures vanquished

Notes
Turn   | Place    | Note
--------------------------------------------------------------
     0 | D:1      | MDvedh the Demonspawn Gladiator began the quest for the Orb.
     0 | D:1      | Reached XP level 1. HP: 16/16 MP: 1/1
   194 | D:1      | Reached skill level 3 in Staves
   381 | D:1      | Gained mutation: You have sharp toenails. [demonic ancestry]
   381 | D:1      | Reached XP level 2. HP: 22/22 MP: 2/2
  1246 | D:2      | Reached XP level 3. HP: 20/27 MP: 3/3
  1350 | D:2      | Found a faded altar to an unknown god.
  1368 | D:2      | Became a worshipper of Fedhas Madash
  1368 | D:2      | Reached * piety under Fedhas
  1812 | D:2      | Reached skill level 4 in Staves
  1984 | D:3      | Noticed MDvedh's ghost (amateur DsGl)
  2467 | D:4      | Noticed Eustachio
  2507 | D:4      | Killed Eustachio
  2507 | D:4      | Reached skill level 5 in Staves
  2507 | D:4      | Reached XP level 4. HP: 30/33 MP: 4/4
  2507 | D:4      | Gained mutation: You sometimes gain a little power by taking damage. [demonic ancestry]
  2507 | D:4      | Reached XP level 5. HP: 34/38 MP: 5/5
  2619 | D:4      | Reached skill level 6 in Staves
  2797 | D:4      | Gained mutation: You sometimes gain power by taking damage. [demonic ancestry]
  2797 | D:4      | Reached XP level 6. HP: 24/44 MP: 6/6
  2972 | D:4      | Reached ** piety under Fedhas
  3346 | D:4      | Reached skill level 7 in Staves
  3493 | D:4      | Noticed a centaur
  3507 | D:4      | Killed a centaur
  3507 | D:4      | Gained mutation: You are slightly more attuned to the shadows. [demonic ancestry]
  3507 | D:4      | Reached XP level 7. HP: 27/50 MP: 7/7
  3678 | D:4      | Noticed an orc warrior
  3686 | D:4      | HP: 1/50 [orc warrior/dire flail (8)]
  3708 | D:4      | Mangled by an orc warrior

Action                   |  1- 3 |  4- 6 |  7- 9 || total
-------------------------+-------+-------+-------++-------
Melee: Quarterstaff      |   161 |   124 |    19 ||   304
  Use: Potion            |       |     2 |     2 ||     4
 Stab: Sleeping          |     2 |       |       ||     2
  Eat: Chunk             |     5 |     3 |     1 ||     9
